 Dungeon Crawl Stone Soup version 0.28.0-53-g5a82cb258f (webtiles) character file.

Game seed: 1277311966770553495

4 PentaManta the Conjurer (level 1, 0/13 HPs)
             Began as a Demonspawn Conjurer on June 18, 2022.
             Constricted to death by a ball python (1 damage)
             ... on level 1 of the Dungeon.
             The game lasted 00:00:25 (139 turns).

PentaManta the Conjurer (Demonspawn Conjurer)        Turns: 139, Time: 00:00:26

Health: 0/13       AC:  2    Str:  7    XL:     1   Next: 58%
Magic:  2/3        EV:  9    Int: 19    God:
Gold:   0          SH:  0    Dex: 11    Spells: 3/4 levels left

rFire   . . .      SeeInvis .   b - +2 dagger (venom)
rCold   . . .      Faith    .   (no shield)
rNeg    . . .      Spirit   .   a - +0 robe
rPois   .          Reflect  .   (no helmet)
rElec   .          Harm     .   (no cloak)
rCorr   .          Rampage  .   (no gloves)
Will    .....                   (no boots)
Stlth   ++........              (no amulet)
HPRegen 0.04/turn               (no ring)
MPRegen 0.08/turn               (no ring)

@: constricted
A: no striking features
a: no special abilities


You were on level 1 of the Dungeon.
You visited 1 branch of the dungeon, and saw 1 of its levels.

Inventory:

Hand Weapons
 b - a +2 dagger of venom (weapon)
Armour
 a - a +0 robe (worn)


   Skills:
 - Level 1.7 Dodging
 - Level 1.7 Stealth
 * Level 2.2 Spellcasting
 + Level 4.0 Conjurations


You had 3 spell levels left.
You knew the following spells:

 Your Spells              Type           Power      Damage    Failure   Level
a - Magic Dart            Conj           68%        1d6       3%          1

Your spell library contained the following spells:

 Spells                   Type           Power      Damage    Failure   Level
 Searing Ray              Conj           34%        2d5       4%          2
 Dazzling Flash           Conj/Hex       18%        N/A       22%         3
 Fulminant Prism          Conj/Hex       4%         3d6       56%         4
 Iskenderun's Mystic Bla  Conj/Tloc      9%         2d4       56%         4


Dungeon Overview and Level Annotations

Branches:
Dungeon (1/15)

Altars:


Message History

A ball python comes into view.
Found a book of Conjurations and a scroll labelled NOIPAV PANT.
A kobold and a ball python come into view.
The kobold shouts!
The ball python hisses angrily.
A ball python comes into view.
Found 5 boomerangs.
Found a tubular opal ring.
The ball python hisses angrily.
The endoplasm barely misses you. The ball python closely misses you.
The ball python misses you. The ball python misses you.
The ball python barely misses you.
The ball python barely misses you. x2; The ball python closely misses you. x2
There is an empty arch of ancient stone here.
You see here a +2 dagger of venom.
b - a +2 dagger of venom The ball python bites you.
The ball python grabs you. The ball python constricts you.
Your +2 dagger of venom begins to drip with poison!
b - a +2 dagger of venom (weapon)
The ball python bites you but does no damage.
The ball python constricts you.
You hit the ball python.
The ball python is poisoned.
The ball python is severely wounded.
You kill the ball python!
The ball python barely misses you. The ball python grabs you.
The ball python constricts you. The ball python bites you.
* * * LOW HITPOINT WARNING * * *
You hit the ball python.
The ball python is severely wounded.
The ball python closely misses you. The ball python constricts you.
The ball python bites you.
* * * LOW HITPOINT WARNING * * *
Unknown command.
You hit the ball python.
You kill the ball python!
The ball python barely misses you. The ball python constricts you.
The ball python bites you.
* * * LOW HITPOINT WARNING * * *
The ball python constricts you.
You die...

. ######### ..♣..8....#
..........# ..........#
..♣.....∩.# .
..........# ..
.......@S.# ..
..∩..♣.†J.# ..
.........g############..
...........S.gS.........
..∩..∩....###J..........
..........# #...........
..........###...K.......
..♣.._..8..##...........
....#......##...........


You could see an endoplasm, a goblin and 2 ball pythons.

Vanquished Creatures
  A goblin (D:1)
  A hobgoblin (D:1)
  A quokka (D:1)
  2 ball pythons (D:1)
5 creatures vanquished.

Notes
Turn   | Place    | Note
-------+----------+-------------------------------------------
     0 | D:1      | PentaManta the Demonspawn Conjurer began the quest for the
                  | Orb.
     0 | D:1      | Reached XP level 1. HP: 13/13 MP: 3/3
    93 | D:1      | Found a faded altar of an unknown god.
   139 | D:1      | Constricted to death by a ball python

Illustrated notes

Levels and vault maps discovered:
D:1:      dpeg_arrival_fog, layout_basic, hellmonk_ecumenical_altar_arch_garden

Action                   || total
-------------------------++-------
Melee: Dagger            ||     3
 Cast: Magic Dart        ||     7
Armor: Robe              ||     2
Dodge: Dodged            ||    12
